[Event "-chT Youth Countries 2019"]
[Site "Wuerzburg"]
[Date "2019.10.02"]
[Round "2.6"]
[White "Metzdorf, Matteo"]
[Black "Rempe, Jonas"]
[Result "0-1"]
[ECO "C90"]
[WhiteElo "1862"]
[BlackElo "1816"]
[Annotator "NA"]
[PlyCount "98"]
[EventDate "2019.10.02"]
[EventType "team-tourn"]
[EventRounds "7"]
[EventCountry "GER"]
[SourceTitle "playchess.com"]
[Source "ChessBase"]
[SourceQuality "1"]
[WhiteTeam "Rheinland-Pfalz"]
[BlackTeam "Schleswig-Holstein"]
[TimeControl "40/5400+30:1800+30"]

1. e4 e5 2. Nf3 Nc6 3. Bb5 a6 4. Ba4 Nf6 5. O-O Be7 6. Re1 b5 7. Bb3 O-O 8. d3 d6 9. c3 Na5 10. Bc2 c5 11. Nbd2 Nc6 12. Nf1 h6 13. h3 Be6 14. Ng3 Rc8 15. Nh2 d5 16. Qf3 d4 17. Ng4 Nxg4 18. hxg4 dxc3 19. bxc3 b4 20. Bd2 Bg5 21. Be3 Bxe3 22. fxe3 bxc3 23. a3 Qg5 24. Bd1 Rfd8 25. Be2 Rb8 26. Rec1 Rb3 27. Bd1 c2 28. Bxc2 Bxg4 29. Qf2 Rb2 30. Qe1 h5 31. Nf1 h4 32. g3 Bh3 33. Qc3 Bxf1 34. Qxb2 Qxg3+ 35. Kxf1 h3 36. Bb3 Rd6 37. Bxf7+ Kxf7 38. Rc2 Rf6+ 39. Rf2 Qg2+ 40. Ke1 Qg1+ 41. Kd2 Qxf2+ 42. Kc3 Qxb2+ 43. Kxb2 Rh6 44. Rh1 g5 45. Kb3 g4 46. Kc4 g3 47. Rf1+ Rf6 48. Rg1 h2 49. Rb1 g2 {[%emt 0:00:07] normal} 0-1

[Event "-chT Youth Countries 2019"]
[Site "Wuerzburg"]
[Date "2019.10.02"]
[Round "2.6"]
[White "Peglau, Charis"]
[Black "Schnabel, Luise"]
[Result "0-1"]
[ECO "B03"]
[WhiteElo "1827"]
[BlackElo "1900"]
[Annotator "NA"]
[PlyCount "134"]
[EventDate "2019.10.02"]
[EventType "team-tourn"]
[EventRounds "7"]
[EventCountry "GER"]
[SourceTitle "playchess.com"]
[Source "ChessBase"]
[SourceQuality "1"]
[WhiteTeam "Sachsen"]
[BlackTeam "Berlin"]
[TimeControl "40/5400+30:1800+30"]

1. e4 Nf6 2. e5 Nd5 3. c4 Nb6 4. d4 d6 5. exd6 cxd6 6. Nc3 g6 7. Be3 Bg7 8. Nf3 O-O 9. Be2 Bg4 10. Rc1 Nc6 11. b3 d5 12. c5 Nc8 13. O-O e6 14. b4 Nxb4 15. Rb1 Nc6 16. Rxb7 Na5 17. Rb4 Ne7 18. Rb2 Bxf3 19. Bxf3 Nc4 20. Rb7 Nf5 21. Re1 Qa5 22. Rb3 Rab8 23. Rxb8 Rxb8 24. Qd3 Rb2 25. Re2 Rb8 26. h3 Nh4 27. Bf4 Rc8 28. Re1 Nxf3+ 29. gxf3 Qd8 30. Kg2 Na5 31. Nb5 Nc6 32. Rb1 Qf6 33. Nd6 Rf8 34. Be3 Nxd4 35. Bxd4 Qxd4 36. Qxd4 Bxd4 37. c6 Be5 38. Nb5 a6 39. Na7 Bd4 40. Rb7 Ra8 41. c7 Bxa7 42. Rxa7 Rc8 43. Kg3 Kf8 44. Kf4 h6 45. a4 Ke7 46. a5 f6 47. Ke3 Kd7 48. Rxa6 Rxc7 49. Kd3 g5 50. Rb6 Rc6 51. Rb7+ Kd6 52. Rh7 Ra6 53. Rxh6 Ke5 54. f4+ gxf4 55. h4 Rxa5 56. Rh8 Ra3+ 57. Ke2 f3+ 58. Kd2 Ra2+ 59. Ke3 Ra3+ 60. Kd2 Ke4 61. Rb8 Ra2+ 62. Ke1 e5 63. h5 Ra1+ 64. Kd2 Rh1 65. Rh8 Rh2 66. h6 Rxf2+ 67. Ke1 Rh2 {[%emt 0:00:16] normal} 0-1

[Event "-chT Youth Countries 2019"]
[Site "Wuerzburg"]
[Date "2019.10.02"]
[Round "2.6"]
[White "Butenandt, Svenja"]
[Black "Fuchs, Emily"]
[Result "1-0"]
[ECO "E44"]
[WhiteElo "1805"]
[BlackElo "1490"]
[Annotator "NA"]
[PlyCount "79"]
[EventDate "2019.10.02"]
[EventType "team-tourn"]
[EventRounds "7"]
[EventCountry "GER"]
[SourceTitle "playchess.com"]
[Source "ChessBase"]
[SourceQuality "1"]
[WhiteTeam "Bayern 2"]
[BlackTeam "Saarland"]
[TimeControl "40/5400+30:1800+30"]

1. d4 Nf6 2. c4 e6 3. Nc3 Bb4 4. e3 b6 5. Nge2 Bb7 6. a3 Bxc3+ 7. Nxc3 O-O 8. Bd3 d5 9. O-O Nbd7 10. cxd5 exd5 11. Qc2 Re8 12. Nb5 a6 13. Nc3 c5 14. b3 Rc8 15. dxc5 Nxc5 16. Bf5 Ra8 17. b4 Nce4 18. Nxe4 Nxe4 19. Bb2 Bc8 20. Bxe4 dxe4 21. Qc3 f6 22. Rfd1 Qe7 23. Qc6 Bg4 24. Rd6 Rab8 25. h3 Be2 26. Bd4 Red8 27. Rxd8+ Qxd8 28. Qxe4 Kf7 29. Qxh7 Qd5 30. Qc2 Qc4 31. Qxc4+ Bxc4 32. Rc1 b5 33. g4 Kg6 34. Kh2 Re8 35. Kg3 Kh6 36. h4 Re4 37. f4 Re6 38. Rd1 g5 39. hxg5+ fxg5 40. Rh1+ {[%emt 0:00:04] normal} 1-0

[Event "-chT Youth Countries 2019"]
[Site "Wuerzburg"]
[Date "2019.10.02"]
[Round "2.6"]
[White "Faerber, Sophie"]
[Black "Grabs, Peter"]
[Result "0-1"]
[ECO "C06"]
[WhiteElo "1414"]
[BlackElo "1592"]
[Annotator "NA"]
[PlyCount "48"]
[EventDate "2019.10.02"]
[EventType "team-tourn"]
[EventRounds "7"]
[EventCountry "GER"]
[SourceTitle "playchess.com"]
[Source "ChessBase"]
[SourceQuality "1"]
[WhiteTeam "Baden 2"]
[BlackTeam "SG Brandenburg / Berlin"]
[TimeControl "40/5400+30:1800+30"]

1. e4 e6 2. d4 d5 3. Nd2 Nf6 4. e5 Nfd7 5. Bd3 c5 6. c3 Nc6 7. Ne2 cxd4 8. cxd4 f6 9. exf6 Nxf6 10. Nf3 Bd6 11. O-O O-O 12. Bf4 Bxf4 13. Nxf4 Kh8 14. Re1 Qd6 15. g3 Bd7 16. a3 Rae8 17. Bc2 Re7 18. Ng5 Kg8 19. Qb1 g6 20. Bxg6 Rg7 21. Bxh7+ Nxh7 22. Ngxe6 Bxe6 23. Nxe6 Nxd4 24. Kg2 Nxe6 {[%emt 0:00:08] normal} 0-1

[Event "-chT Youth Countries 2019"]
[Site "Wuerzburg"]
[Date "2019.10.02"]
[Round "2.7"]
[White "Wiesner, Paula"]
[Black "Kempe, Caius Emilian"]
[Result "0-1"]
[ECO "D15"]
[WhiteElo "1958"]
[BlackElo "1835"]
[Annotator "NA"]
[PlyCount "78"]
[EventDate "2019.10.02"]
[EventType "team-tourn"]
[EventRounds "7"]
[EventCountry "GER"]
[SourceTitle "playchess.com"]
[Source "ChessBase"]
[SourceQuality "1"]
[WhiteTeam "Berlin"]
[BlackTeam "Sachsen"]
[TimeControl "40/5400+30:1800+30"]

1. d4 d5 2. c4 c6 3. Nf3 Nf6 4. Nc3 a6 5. e3 b5 6. cxd5 cxd5 7. Bd3 e6 8. O-O Bd6 9. Qe2 O-O 10. e4 b4 11. Na4 dxe4 12. Bxe4 Nxe4 13. Qxe4 Ra7 14. Ng5 f5 15. Qe2 Re7 16. Nf3 h6 17. Nc5 Qb6 18. Be3 Nc6 19. Rac1 f4 20. Bd2 Nxd4 21. Nxd4 Bxc5 22. Nf3 a5 23. Ne5 Ba6 24. Nc4 Qa7 25. Qe4 Bb7 26. Qc2 Bd4 27. Nd6 Ba6 28. Nc4 Bxc4 29. Qxc4 Bxb2 30. Rce1 Qd4 31. Qxd4 Bxd4 32. Re4 e5 33. Rfe1 Rc7 34. Rc1 Rxc1+ 35. Bxc1 Rc8 36. Re1 Rc2 37. Rf1 Rxa2 38. g3 fxg3 39. hxg3 b3 {[%emt 0:00:12] normal} 0-1

[Event "-chT Youth Countries 2019"]
[Site "Wuerzburg"]
[Date "2019.10.02"]
[Round "2.7"]
[White "Bardorz, Jana"]
[Black "Sauer, Tim"]
[Result "1-0"]
[ECO "B13"]
[WhiteElo "1929"]
[BlackElo "1597"]
[Annotator "NA"]
[PlyCount "109"]
[EventDate "2019.10.02"]
[EventType "team-tourn"]
[EventRounds "7"]
[EventCountry "GER"]
[SourceTitle "playchess.com"]
[Source "ChessBase"]
[SourceQuality "1"]
[WhiteTeam "Bayern 1"]
[BlackTeam "Niedersachsen"]
[TimeControl "40/5400+30:1800+30"]

1. e4 c6 2. d4 d5 3. exd5 cxd5 4. Bd3 Nc6 5. c3 Nf6 6. Bf4 Bg4 7. Qb3 Qd7 8. Nd2 e6 9. Ngf3 Bxf3 10. Nxf3 Bd6 11. Bxd6 Qxd6 12. O-O O-O 13. Rae1 Qc7 14. h3 Rab8 15. Ne5 Nxe5 16. Rxe5 b5 17. a3 a5 18. Rc1 Qb6 19. Qd1 b4 20. axb4 axb4 21. c4 dxc4 22. Rxc4 Rfd8 23. Rec5 g6 24. Be2 Qd6 25. Bf3 Kg7 26. Qc1 Ng8 27. Rc6 Qd7 28. Qf4 Nh6 29. Qe5+ Kg8 30. Qf6 Rf8 31. Rc7 Qa4 32. Kh2 Qa1 33. d5 exd5 34. Bxd5 Rbd8 35. Bxf7+ Nxf7 36. Rxf7 Rxf7 37. Qxd8+ Kg7 38. Qd4+ Kh6 39. Rxb4 Qf1 40. Qh4+ Kg7 41. Rf4 Rxf4 42. Qxf4 Qb5 43. b4 Kg8 44. Qd6 Qf5 45. Qc5 Qf4+ 46. g3 Qf3 47. b5 h5 48. Qe3 Qd5 49. Qe8+ Kg7 50. Qe7+ Kg8 51. b6 Qf5 52. Qe3 Qf7 53. Qd4 Kh7 54. Qf4 Qb3 55. Qc7+ {[%emt 0:00:00] normal} 1-0

[Event "-chT Youth Countries 2019"]
[Site "Wuerzburg"]
[Date "2019.10.02"]
[Round "2.7"]
[White "Mundt, Alexandra"]
[Black "Yue, Qizhou"]
[Result "1/2-1/2"]
[ECO "B47"]
[WhiteElo "1760"]
[BlackElo "1810"]
[Annotator "NA"]
[PlyCount "79"]
[EventDate "2019.10.02"]
[EventType "team-tourn"]
[EventRounds "7"]
[EventCountry "GER"]
[SourceTitle "playchess.com"]
[Source "ChessBase"]
[SourceQuality "1"]
[WhiteTeam "Schleswig-Holstein"]
[BlackTeam "Rheinland-Pfalz"]
[TimeControl "40/5400+30:1800+30"]

1. e4 c5 2. Nf3 e6 3. d4 cxd4 4. Nxd4 Nc6 5. Nc3 Qc7 6. Be2 a6 7. a4 Nf6 8. O-O Bb4 9. f3 d5 10. Nxc6 bxc6 11. Qd3 O-O 12. Bg5 Nd7 13. Kh1 Bb7 14. Qe3 e5 15. Qf2 f6 16. Bc1 a5 17. Qg3 Nc5 18. Bd3 Ba6 19. Rd1 Bxc3 20. bxc3 dxe4 21. fxe4 Rfd8 22. Qe3 Ne6 23. Ba3 Bxd3 24. cxd3 c5 25. Bb2 Rab8 26. Rd2 Rd6 27. d4 cxd4 28. cxd4 exd4 29. Bxd4 Rbd8 30. Bc3 Nc5 31. Rxd6 Rxd6 32. Bd4 Rc6 33. Rc1 Ne6 34. Rd1 Nxd4 35. Qxd4 Rc4 36. Qd5+ Kf8 37. h3 Rxa4 38. Qa8+ Kf7 39. Qd5+ Kf8 40. Qa8+ {normal} 1/2-1/2

[Event "-chT Youth Countries 2019"]
[Site "Wuerzburg"]
[Date "2019.10.02"]
[Round "2.7"]
[White "Sperling, Niclas"]
[Black "Henninger, Claire"]
[Result "1/2-1/2"]
[ECO "B19"]
[WhiteElo "1656"]
[BlackElo "1471"]
[Annotator "NA"]
[PlyCount "109"]
[EventDate "2019.10.02"]
[EventType "team-tourn"]
[EventRounds "7"]
[EventCountry "GER"]
[SourceTitle "playchess.com"]
[Source "ChessBase"]
[SourceQuality "1"]
[WhiteTeam "SG Brandenburg / Berlin"]
[BlackTeam "Baden 2"]
[TimeControl "40/5400+30:1800+30"]

1. e4 c6 2. d4 d5 3. Nc3 dxe4 4. Nxe4 Bf5 5. Ng3 Bg6 6. h4 h6 7. Nf3 Nd7 8. Bc4 e6 9. Bf4 Ngf6 10. Qd2 Nd5 11. c3 Nxf4 12. Qxf4 Qf6 13. Qe3 Bd6 14. Ne4 Bxe4 15. Qxe4 Qf4 16. Qxf4 Bxf4 17. g3 Bd6 18. O-O-O O-O-O 19. Rhe1 Rhe8 20. Bb3 Re7 21. Nd2 Nb6 22. Ne4 a5 23. Nxd6+ Rxd6 24. a4 Red7 25. Re2 Rd8 26. Red2 f6 27. Re2 Nd5 28. Rde1 Re8 29. f4 g6 30. h5 g5 31. f5 Kd7 32. Kd2 e5 33. Kc2 b6 34. dxe5 fxe5 35. Rxe5 Nf6 36. Rxe8 Nxe8 37. Bc4 Nf6 38. Re6 Rxe6 39. Bxe6+ Ke7 40. Kd3 Nxh5 41. Ke4 Nxg3+ 42. Ke5 Nh5 43. b4 g4 44. Bc4 Nf6 45. b5 c5 46. Be2 h5 47. c4 g3 48. Bf3 h4 49. Kf4 Kd6 50. Bg2 Nh7 51. Bh3 Nf6 52. Bg2 Nh7 53. Bh3 Nf6 54. Bg2 Nh7 55. Bh3 {[%emt 0:00:00] normal} 1/2-1/2

[Event "-chT Youth Countries 2019"]
[Site "Wuerzburg"]
[Date "2019.10.02"]
[Round "2.7"]
[White "Fischer, Darja"]
[Black "Bungarten, Jona"]
[Result "0-1"]
[ECO "D32"]
[WhiteElo "1604"]
[BlackElo "1669"]
[Annotator "NA"]
[PlyCount "54"]
[EventDate "2019.10.02"]
[EventType "team-tourn"]
[EventRounds "7"]
[EventCountry "GER"]
[SourceTitle "playchess.com"]
[Source "ChessBase"]
[SourceQuality "1"]
[WhiteTeam "Baden 1"]
[BlackTeam "Nordrhein-Westfalen"]
[TimeControl "40/5400+30:1800+30"]

1. d4 d5 2. c4 e6 3. Nc3 c5 4. cxd5 cxd4 5. Qxd4 Nc6 6. Qd1 exd5 7. Nf3 Nf6 8. Bg5 d4 9. Nb1 Bb4+ 10. Nbd2 h6 11. Bxf6 Qxf6 12. g3 O-O 13. Bg2 d3 14. exd3 Re8+ 15. Kf1 Bg4 16. h3 Bh5 17. g4 Bg6 18. Qb3 Rad8 19. Ne4 Bxe4 20. dxe4 Rxe4 21. Kg1 Re2 22. Qc4 Qxb2 23. Rf1 Rc2 24. Qe4 Bc5 25. g5 Rxf2 26. Rh2 Rxf1+ 27. Kxf1 Qf2# {[%emt 0:00:07] normal} 0-1

[Event "-chT Youth Countries 2019"]
[Site "Wuerzburg"]
[Date "2019.10.02"]
[Round "2.7"]
[White "Huppert, Anna"]
[Black "Fuchs, Florian"]
[Result "0-1"]
[ECO "B21"]
[WhiteElo "1516"]
[BlackElo "2256"]
[Annotator "NA"]
[PlyCount "79"]
[EventDate "2019.10.02"]
[EventType "team-tourn"]
[EventRounds "7"]
[EventCountry "GER"]
[SourceTitle "playchess.com"]
[Source "ChessBase"]
[SourceQuality "1"]
[WhiteTeam "Saarland"]
[BlackTeam "Bayern 2"]
[TimeControl "40/5400+30:1800+30"]

1. e4 c5 2. d4 cxd4 3. c3 g6 4. Bc4 e6 5. Nf3 Bg7 6. cxd4 d5 7. exd5 exd5 8. Bb3 Ne7 9. Nc3 O-O 10. O-O Nbc6 11. Bg5 Be6 12. Qd2 f6 13. Bh6 Na5 14. Bc2 Nc4 15. Qc1 Nf5 16. Bxg7 Kxg7 17. Re1 Qd6 18. b3 Na5 19. Qd2 Nc6 20. Rac1 Rac8 21. Nb5 Qd7 22. a3 a6 23. Nc3 Rfe8 24. b4 b5 25. Bb3 Bf7 26. Red1 g5 27. h3 h5 28. Ne2 Nd6 29. Qa2 Ne7 30. Nc3 Nc4 31. Ne1 Qd6 32. Nd3 Rh8 33. Ne2 Nf5 34. g3 Rce8 35. Kg2 Qe6 36. Rc2 Nfe3+ 37. fxe3 Nxe3+ 38. Kf2 Nxd1+ 39. Ke1 Ne3 40. Rc5 {[%emt 0:00:00] normal} 0-1

[Event "-chT Youth Countries 2019"]
[Site "Wuerzburg"]
[Date "2019.10.02"]
[Round "2.7"]
[White "Voigt, Anastasia"]
[Black "Buchholz, Maja"]
[Result "1-0"]
[ECO "C05"]
[WhiteElo "1457"]
[BlackElo "1671"]
[Annotator "NA"]
[PlyCount "35"]
[EventDate "2019.10.02"]
[EventType "team-tourn"]
[EventRounds "7"]
[EventCountry "GER"]
[SourceTitle "playchess.com"]
[Source "ChessBase"]
[SourceQuality "1"]
[WhiteTeam "Sachsen-Anhalt"]
[BlackTeam "Hessen"]
[WhiteTeamCountry "GER"]
[BlackTeamCountry "GER"]
[TimeControl "40/5400+30:1800+30"]

1. e4 e6 2. d4 d5 3. Nd2 Nf6 4. e5 Nfd7 5. Bd3 c5 6. c3 Nc6 7. Ne2 f6 8. exf6 Nxf6 9. Nf3 Bd6 10. Bf4 Be7 11. O-O O-O 12. Qc2 Bd7 13. Rfe1 c4 14. Bxc4 dxc4 15. Ng3 Nd5 16. Bd2 Bd6 17. Ng5 h6 18. Qh7# {[%emt 0:00:09] normal} 1-0

[Event "-chT Youth Countries 2019"]
[Site "Wuerzburg"]
[Date "2019.10.02"]
[Round "2.8"]
[White "Pohle, Saskia"]
[Black "Lorenz, Veronika"]
[Result "1-0"]
[ECO "C55"]
[WhiteElo "1716"]
[BlackElo "1237"]
[Annotator "NA"]
[PlyCount "49"]
[EventDate "2019.10.02"]
[EventType "team-tourn"]
[EventRounds "7"]
[EventCountry "GER"]
[SourceTitle "playchess.com"]
[Source "ChessBase"]
[SourceQuality "1"]
[WhiteTeam "Sachsen"]
[BlackTeam "Berlin"]
[TimeControl "40/5400+30:1800+30"]

1. e4 e5 2. Nf3 Nc6 3. d4 exd4 4. Bc4 Nf6 5. e5 d5 6. Bb5 Ne4 7. Nxd4 Bd7 8. Bxc6 bxc6 9. O-O Bc5 10. f3 Ng5 11. f4 Ne4 12. Be3 Bb6 13. Nd2 Nxd2 14. Qxd2 O-O 15. f5 c5 16. Nb3 d4 17. Bg5 Qe8 18. Rae1 Kh8 19. f6 g6 20. Bh6 Rg8 21. Rf4 Qe6 22. Rh4 Bc6 23. Bf8 Qd5 24. Rxh7+ Kxh7 25. Qh6# {normal} 1-0

[Event "-chT Youth Countries 2019"]
[Site "Wuerzburg"]
[Date "2019.10.02"]
[Round "2.8"]
[White "Sereda, Yaroslava"]
[Black "Visvikis, Kassandra"]
[Result "1/2-1/2"]
[ECO "C77"]
[WhiteElo "1687"]
[BlackElo "1531"]
[Annotator "NA"]
[PlyCount "152"]
[EventDate "2019.10.02"]
[EventType "team-tourn"]
[EventRounds "7"]
[EventCountry "GER"]
[SourceTitle "playchess.com"]
[Source "ChessBase"]
[SourceQuality "1"]
[WhiteTeam "Nordrhein-Westfalen"]
[BlackTeam "Baden 1"]
[TimeControl "40/5400+30:1800+30"]

1. e4 e5 2. Nf3 Nc6 3. Bb5 a6 4. Ba4 Nf6 5. d4 exd4 6. O-O Be7 7. Re1 d6 8. Nxd4 Bd7 9. Nxc6 bxc6 10. c4 O-O 11. Nc3 h6 12. h3 Qc8 13. Bf4 Nh7 14. e5 dxe5 15. Bxe5 Bf6 16. Bxf6 Nxf6 17. Qf3 Qb7 18. b3 Qb6 19. Rad1 Rfe8 20. Ne4 Rxe4 21. Rxe4 Nxe4 22. Rxd7 Nf6 23. Rd1 Rb8 24. Qxc6 Qa5 25. g3 Qh5 26. Rd4 Qxh3 27. Qxc7 Rc8 28. Qf4 Qe6 29. Kg2 Qe2 30. Rd2 Qe6 31. Rd6 Qe7 32. Rb6 Rd8 33. Qf3 a5 34. Rb5 Ne4 35. Rd5 Rxd5 36. cxd5 Nd6 37. Bc6 Qe5 38. Qd3 h5 39. Qd2 Qe4+ 40. Kh2 h4 41. Qg5 hxg3+ 42. Qxg3 Nf5 43. f3 Qe2+ 44. Qg2 Qe5+ 45. Kh3 Ne3 46. Qe2 Qh5+ 47. Kg3 Nxd5 48. Qe8+ Kh7 49. Qe4+ g6 50. Qxd5 f5 51. Qf7+ Kh6 52. Qf8+ Kh7 53. Qe7+ Kh6 54. Qe3+ Kh7 55. Bd5 f4+ 56. Qxf4 Qxd5 57. Qc7+ Kh6 58. Qc1+ Kh7 59. Qc7+ Kh6 60. Qf4+ Kh7 61. Qh4+ Kg7 62. Qe7+ Kh6 63. Qe3+ Kg7 64. f4 Qd8 65. Qe5+ Kh6 66. Qe3 Kg7 67. Qc3+ Kh6 68. Qf3 Kg7 69. Qb7+ Kh6 70. Qe4 Kg7 71. Kg4 Qd1+ 72. Qf3 Qg1+ 73. Kh3 Qc5 74. Qb7+ Kh6 75. Qe4 Qc8+ 76. Kh4 Qd8+ {[%emt 0:01:46] normal} 1/2-1/2

[Event "-chT Youth Countries 2019"]
[Site "Wuerzburg"]
[Date "2019.10.02"]
[Round "2.8"]
[White "Roncea, Andrea-Alexandra"]
[Black "Prinzen, Siri Marleen"]
[Result "1-0"]
[ECO "B13"]
[WhiteElo "1590"]
[BlackElo "1520"]
[Annotator "NA"]
[PlyCount "111"]
[EventDate "2019.10.02"]
[EventType "team-tourn"]
[EventRounds "7"]
[EventCountry "GER"]
[SourceTitle "playchess.com"]
[Source "ChessBase"]
[SourceQuality "1"]
[WhiteTeam "Niedersachsen"]
[BlackTeam "Bayern 1"]
[TimeControl "40/5400+30:1800+30"]

1. e4 c6 2. d4 d5 3. exd5 cxd5 4. Bd3 Nc6 5. c3 Nf6 6. Bf4 Bg4 7. Qb3 Qd7 8. Nd2 e6 9. Ngf3 Bxf3 10. Nxf3 Bd6 11. Bxd6 Qxd6 12. O-O O-O 13. Rae1 Qc7 14. Ne5 Nxe5 15. dxe5 Nd7 16. f4 Qb6+ 17. Qxb6 Nxb6 18. Rd1 Rac8 19. Rf2 f5 20. g3 Nc4 21. Bxc4 Rxc4 22. Rfd2 Rfc8 23. Rd4 Kf8 24. Kf2 Ke7 25. Ke3 Kd7 26. Rxc4 Rxc4 27. Rg1 g6 28. g4 b6 29. gxf5 exf5 30. Rd1 Ke6 31. h4 Rc7 32. Rg1 Re7 33. Kd4 Rc7 34. Rg5 Rc4+ 35. Ke3 Rc8 36. h5 Rg8 37. Kd4 Rg7 38. hxg6 Rxg6 39. Rh5 h6 40. a3 a6 41. b3 a5 42. a4 Ke7 43. Rxf5 Ke6 44. Rh5 Ke7 45. Kxd5 Rg8 46. Rxh6 Rd8+ 47. Rd6 Rxd6+ 48. exd6+ Kd7 49. f5 b5 50. axb5 a4 51. bxa4 Kc8 52. Kc6 Kb8 53. d7 Ka7 54. b6+ Ka6 55. d8=Q Ka5 56. Qa8# {normal} 1-0

[Event "-chT Youth Countries 2019"]
[Site "Wuerzburg"]
[Date "2019.10.02"]
[Round "2.8"]
[White "von Beckh, Frieda"]
[Black "Haubold, Christian Lucas"]
[Result "0-1"]
[ECO "C44"]
[WhiteElo "1541"]
[BlackElo "1430"]
[Annotator "NA"]
[PlyCount "86"]
[EventDate "2019.10.02"]
[EventType "team-tourn"]
[EventRounds "7"]
[EventCountry "GER"]
[SourceTitle "playchess.com"]
[Source "ChessBase"]
[SourceQuality "1"]
[WhiteTeam "Hessen"]
[BlackTeam "Sachsen-Anhalt"]
[TimeControl "40/5400+30:1800+30"]

1. e4 e5 2. Nf3 Nc6 3. d4 exd4 4. Bc4 Bc5 5. Ng5 Nh6 6. Nxf7 Nxf7 7. Bxf7+ Kxf7 8. Qh5+ g6 9. Qxc5 d5 10. Qxd5+ Qxd5 11. exd5 Nb4 12. Na3 Nxd5 13. O-O Bf5 14. Bf4 Nxf4 15. Rfe1 a6 16. Rad1 Rhe8 17. h3 Rxe1+ 18. Rxe1 Re8 19. Rd1 b5 20. c4 dxc3 21. bxc3 Ne2+ 22. Kf1 Nxc3 23. Rd2 Ke7 24. Nc2 Bxc2 25. Rxc2 b4 26. a3 Rd8 27. g3 Rd1+ 28. Kg2 c5 29. f4 bxa3 30. Rxc3 a2 31. Ra3 a1=Q 32. Rxa1 Rxa1 33. Kf3 Rd1 34. Ke4 c4 35. f5 gxf5+ 36. Kxf5 c3 37. g4 c2 38. g5 c1=Q 39. g6 Qc5+ 40. Kf4 Rd4+ 41. Kf3 Qc3+ 42. Kf2 Rd2+ 43. Kf1 Qc1# {[%emt 0:00:04] normal} 0-1

[Event "-chT Youth Countries 2019"]
[Site "Wuerzburg"]
[Date "2019.10.02"]
[Round "2.8"]
[White "Haug, Mara"]
[Black "Heinze, Sofie"]
[Result "1-0"]
[ECO "C50"]
[WhiteElo "1508"]
[BlackElo "1207"]
[Annotator "NA"]
[PlyCount "54"]
[EventDate "2019.10.02"]
[EventType "team-tourn"]
[EventRounds "7"]
[EventCountry "GER"]
[SourceTitle "playchess.com"]
[Source "ChessBase"]
[SourceQuality "1"]
[WhiteTeam "Baden 2"]
[BlackTeam "SG Brandenburg / Berlin"]
[TimeControl "40/5400+30:1800+30"]

1. e4 e5 2. Nf3 Nc6 3. Bc4 Bc5 4. O-O Nf6 5. d4 Bxd4 6. Nxd4 Nxd4 7. f4 d6 8. fxe5 dxe5 9. Bg5 Qd6 10. Bxf6 gxf6 11. c3 Ne6 12. Qxd6 cxd6 13. Rxf6 Ke7 14. Rf2 f6 15. Nd2 Rg8 16. Raf1 Rg6 17. Nf3 Nf4 18. Kh1 Be6 19. Bxe6 Kxe6 20. Rd1 Rag8 21. Nh4 Rg4 22. g3 Nh3 23. Rfd2 Ke7 24. Nf5+ Ke6 25. Nh6 Rxg3 26. hxg3 Rxg3 27. Rxd6+ Ke7 {[%emt 0:00:49] normal} 1-0

[Event "-chT Youth Countries 2019"]
[Site "Wuerzburg"]
[Date "2019.10.02"]
[Round "2.8"]
[White "Ulrich, Helena Irene"]
[Black "Vianden, Ella"]
[Result "1-0"]
[ECO "C45"]
[WhiteElo "1355"]
[BlackElo "1306"]
[Annotator "NA"]
[PlyCount "57"]
[EventDate "2019.10.02"]
[EventType "team-tourn"]
[EventRounds "7"]
[EventCountry "GER"]
[SourceTitle "playchess.com"]
[Source "ChessBase"]
[SourceQuality "1"]
[WhiteTeam "Thueringen"]
[BlackTeam "SG Bremen / Niedersachsen"]
[TimeControl "40/5400+30:1800+30"]

1. e4 e5 2. Nf3 Nc6 3. d4 exd4 4. Nxd4 Bc5 5. Be3 Qf6 6. c3 Nge7 7. Bc4 O-O 8. O-O Ne5 9. Be2 d6 10. Nd2 Bd7 11. N2b3 Bb6 12. Re1 Qg6 13. Nd2 Bh3 14. g3 f5 15. exf5 Bxf5 16. Nxf5 Qxf5 17. Bxb6 axb6 18. f4 Nd7 19. Bg4 Qc5+ 20. Kh1 Qc6+ 21. Bf3 d5 22. Rxe7 Rae8 23. Qe2 Rxe7 24. Qxe7 Qd6 25. Qxd6 cxd6 26. Bxd5+ Kh8 27. Re1 Nc5 28. Re7 Rb8 29. Nc4 {[%emt 0:00:33] normal} 1-0

[Event "-chT Youth Countries 2019"]
[Site "Wuerzburg"]
[Date "2019.10.02"]
[Round "2.8"]
[White "Richter, Johanna"]
[Black "Braeutigam, Katerina"]
[Result "0-1"]
[ECO "E18"]
[WhiteElo "942"]
[BlackElo "1630"]
[Annotator "NA"]
[PlyCount "112"]
[EventDate "2019.10.02"]
[EventType "team-tourn"]
[EventRounds "7"]
[EventCountry "GER"]
[SourceTitle "playchess.com"]
[Source "ChessBase"]
[SourceQuality "1"]
[WhiteTeam "Rheinland-Pfalz"]
[BlackTeam "Schleswig-Holstein"]
[TimeControl "40/5400+30:1800+30"]

1. d4 Nf6 2. c4 e6 3. Nf3 b6 4. g3 Bb7 5. Bg2 Be7 6. O-O O-O 7. Nc3 d5 8. cxd5 Nxd5 9. Nxd5 Bxd5 10. Bf4 c5 11. e3 Nc6 12. b3 h6 13. Qd3 Nb4 14. Qb1 Bc6 15. a3 Nd5 16. dxc5 Nxf4 17. exf4 Bxc5 18. Rd1 Qe7 19. b4 Bd6 20. Qd3 Rfd8 21. Qc2 Rac8 22. Qb1 Rc7 23. Ra2 Rdc8 24. Rad2 Rd7 25. Qc1 Qf8 26. Qb1 Ba4 27. Rc1 Rxc1+ 28. Qxc1 Rc7 29. Qb1 Qc8 30. Bf1 Rc1 31. Qd3 Be7 32. Kg2 Rc3 33. Qa6 Qxa6 34. Bxa6 Bc6 35. Be2 Rxa3 36. Rc2 Bxf3+ 37. Bxf3 Bxb4 38. Rc8+ Kh7 39. Be4+ g6 40. Rc7 Kg7 41. g4 Bd6 42. Rc6 Bxf4 43. f3 Ra2+ 44. Rc2 Rxc2+ 45. Bxc2 b5 46. h4 Kf6 47. Kf2 Ke5 48. Ke2 Kd4 49. Bd3 b4 50. Bb1 b3 51. Kd1 a5 52. Ke2 a4 53. Kd1 a3 54. Bc2 a2 55. Bxb3 a1=Q+ 56. Kc2 Qc1# {[%emt 0:00:00] normal} 0-1

[Event "-chT Youth Countries 2019"]
[Site "Wuerzburg"]
[Date "2019.10.03"]
[Round "3"]
[White "Woerz, Ann-Sophie"]
[Black "Henninger, Claire"]
[Result "0-1"]
[ECO "B00"]
[WhiteElo "1500"]
[BlackElo "1471"]
[Annotator "NA"]
[PlyCount "97"]
[EventDate "2019.10.02"]
[EventType "team-tourn"]
[EventRounds "7"]
[EventCountry "GER"]
[SourceTitle "playchess.com"]
[Source "ChessBase"]
[SourceQuality "1"]
[WhiteTeam "Württemberg"]
[BlackTeam "Baden 2"]
[TimeControl "40/5400+30:1800+30"]

1. e4 d6 2. Bc4 Nf6 3. d3 c6 4. Bb3 e5 5. Nf3 Nbd7 6. Be3 Be7 7. h3 b6 8. Nbd2 Bb7 9. c3 Qc7 10. Qc2 d5 11. d4 dxe4 12. Nxe4 Nxe4 13. Qxe4 c5 14. d5 O-O 15. Rd1 Bd6 16. Ng5 Nf6 17. Qf5 Bc8 18. Qd3 h6 19. Ne4 Nxe4 20. Qxe4 f5 21. Qc4 Rb8 22. a4 a6 23. Qe2 b5 24. axb5 axb5 25. c4 bxc4 26. Bxc4 Bd7 27. f3 e4 28. fxe4 Bg3+ 29. Bf2 Qa5+ 30. Qd2 Bxf2+ 31. Kxf2 fxe4+ 32. Ke3 Qb4 33. Qxb4 Rxb4 34. b3 Re8 35. Rhf1 Re5 36. d6+ Kh7 37. Rf7 Rb7 38. Bd5 Kg6 39. Re7 Rxe7 40. dxe7 Rb8 41. Bxe4+ Kf7 42. Rxd7 Rxb3+ 43. Kf4 Rb6 44. Rc7 Rf6+ 45. Kg3 c4 46. Bd5+ Ke8 47. Bc6+ Rxc6 48. Rxc6 Kxe7 49. Rxc4 0-1